Map: Tropical Sacrifice

Players

Bunny - Winner!

  • Race: Terran Terran
  • League: Silver
  • Spawn Location: 1:00

llllllllllll (herO)

  • Race: Protoss Protoss
  • League: Grandmaster
  • Spawn Location: 7:00

VOD

Have the link to the VOD?

Description

Time

  • Played on: Oct. 20, 2022, 11:12 a.m.
  • Length: 9:08
Show
View Real Time Build Order
Export as new Build Order

Bunny Terran - Winner!

Build Orders: Reaper Expand 

Get SALT Encoding   

  12  0:00  SCV  
  13  0:12  SCV  
  14  0:17  Supply Depot  
  14  0:24  SCV  
  15  0:39  SCV  
  15  0:40  Barracks  
  16  0:44  Refinery  
  16  0:51  SCV  
  17  1:03  SCV  
  18  1:15  SCV  
  19  1:29  Reaper, Orbital Command  
  20  1:45  Command Center  
  20  1:55  SCV  
  20  1:57  Supply Depot  
  20  2:00  Marine  
  22  2:09  Factory  
  22  2:11  SCV  
  23  2:19  Refinery  
  23  2:23  Barracks Reactor, SCV  
  24  2:35  SCV  
  25  2:47  SCV  
  26  2:53  Hellion, Starport  
  26  2:57  Orbital Command  
  28  2:59  Marine x2  
  28  3:00  SCV  
  31  3:14  Widow Mine  
  31  3:16  SCV  
  31  3:17  Marine x2  
  31  3:19  Orbital Command  
  35  3:28  SCV  
  35  3:30  Viking  
  38  3:35  Marine x2  
  38  3:36  Widow Mine  
  38  3:38  Supply Depot  
  38  3:40  SCV  
  43  3:44  SCV  
  44  3:52  SCV  
  45  3:57  SCV  
  45  4:00  Marine x2  
  47  4:05  SCV, Factory Tech Lab  
  47  4:08  Starport Tech Lab  
  48  4:10  Supply Depot, SCV  
  48  4:11  Barracks  
  49  4:17  Marine  
  49  4:18  SCV, Marine  
  49  4:22  SCV  
  53  4:32  Raven, Siege Tank  
  53  4:37  Supply Depot  
  58  4:39  SCV x2  
  58  4:40  Marine x2  
  62  4:48  Barracks  
  62  4:49  Refinery  
  62  4:54  SCV x2  
  62  4:57  Marine  
  62  4:58  Marine  
  59  5:06  SCV x2  
  59  5:18  SCV, Marine x2  
  60  5:23  SCV  
  60  5:24  Starport Reactor  
  60  5:27  Stimpack  
  61  5:31  SCV  
  61  5:34  Supply Depot, Factory Tech Lab, Marine  
  64  5:35  SCV, Marine  
  64  5:36  Marine  
  66  5:43  SCV  
  66  5:46  Barracks  
  66  5:48  Supply Depot, Barracks  
  66  5:49  SCV  
  68  5:53  Combat Shield  
  68  5:54  Engineering Bay  
  68  5:55  SCV  
  68  5:56  Siege Tank  
  70  6:02  Marine x3  
  70  6:03  Marine  
  72  6:11  SCV x2  
  73  6:14  Supply Depot  
  73  6:15  Medivac x2  
  76  6:20  Supply Depot  
  76  6:21  Marine x3  
  77  6:29  Siege Tank  
  77  6:31  Supply Depot, Marine  
  81  6:36  Marine  
  81  6:37  Marine  
  81  6:39  Marine x2  
  85  6:41  Marine  
  85  6:45  Medivac  
  88  6:49  Marine  
  89  6:54  Marine  
  89  6:57  Marine  
  89  6:58  Marine x2  
  89  7:00  Medivac  
  94  7:02  Marine  
  94  7:06  SCV  
  94  7:07  SCV, Marine  
  98  7:08  Supply Depot  
  98  7:11  Siege Tank  
  98  7:12  Marine  
  102  7:15  Marine  
  102  7:16  Marine x2  
  102  7:20  Marine  
  106  7:24  Marine  
  107  7:30  Marine  
  107  7:33  Marine x3  
  111  7:37  Marine  
  111  7:42  Marine  
  113  7:48  Marine  
  113  7:50  Bunker  
  113  7:51  Bunker, Marine x3  
  114  7:55  Marine  
  116  8:00  Marine  
  94  8:06  Siege Tank  
  94  8:08  Bunker, Marine  
  94  8:09  Marine x3  
  101  8:18  Medivac  
  101  8:19  Marine x2  
  95  8:34  Marine x4  
  95  8:37  Marine x2  
Show
View Real Time Build Order
Export as new Build Order

llllllllllll Protoss 

Build Orders: 1 Gate Expand, Oracle Opening, Zealot Archon 

Get SALT Encoding   

  12  0:00  Probe  
  13  0:12  Probe  
  14  0:19  Pylon  
  14  0:24  Probe  
  15  0:37  Probe (Chrono Boost)  
  15  0:39  Gateway  
  16  0:46  Probe (Chrono Boost)  
  17  0:52  Probe, Assimilator  
  18  1:04  Probe  
  19  1:16  Probe  
  20  1:26  Cybernetics Core  
  20  1:38  Nexus  
  20  1:45  Pylon  
  20  1:48  Probe  
  21  1:55  Assimilator  
  21  1:59  Adept (Chrono Boost)  
  22  2:04  Probe  
  24  2:16  Probe  
  24  2:20  Adept (Chrono Boost)  
  27  2:28  Stargate  
  27  2:29  Probe  
  28  2:37  Warp Gate  
  28  2:41  Probe  
  28  2:42  Adept  
  31  2:50  Probe  
  32  2:53  Probe  
  33  3:02  Probe  
  33  3:05  Probe  
  35  3:11  Oracle (Chrono Boost)  
  35  3:12  Adept  
  37  3:16  Probe  
  37  3:17  Probe  
  41  3:29  Probe x2  
  41  3:30  Pylon  
  43  3:39  Oracle (Chrono Boost)  
  46  3:48  Probe x2  
  48  4:00  Probe x2  
  48  4:06  Phoenix (Chrono Boost)  
  50  4:10  Gateway x2, Pylon  
  50  4:12  Probe x2  
  52  4:23  Phoenix  
  52  4:25  Probe x2  
  54  4:37  Probe x2  
  56  4:45  Adept  
  58  4:46  Nexus  
  58  4:48  Phoenix  
  58  4:52  Probe x2, Pylon  
  60  5:04  Probe x2  
  60  5:06  Assimilator x2  
  62  5:13  Phoenix (Chrono Boost)  
  62  5:17  Probe x2  
  62  5:20  Adept x3  
  68  5:23  Pylon  
  68  5:29  Probe  
  68  5:30  Probe  
  70  5:38  Phoenix  
  70  5:40  Forge  
  70  5:42  Twilight Council  
  69  5:43  Probe x2  
  71  5:57  Charge (Chrono Boost), Gateway  
  71  6:01  Gateway  
  71  6:03  Phoenix  
  73  6:05  Probe x2  
  73  6:10  Protoss Ground Armor Level 1 (Chrono Boost)  
  75  6:13  Zealot x3  
  75  6:14  Probe  
  82  6:29  Gateway  
  82  6:32  Templar Archives, Probe x2  
  84  6:35  Pylon  
  84  6:36  Phoenix (Chrono Boost)  
  84  6:39  Pylon  
  86  6:42  Probe  
  86  6:44  Zealot  
  89  6:47  Shield Battery, Zealot, Pylon  
  89  6:48  Sentry  
  89  6:53  Probe x2  
  96  6:54  Probe  
  96  7:01  Pylon  
  98  7:08  Gateway, Pylon  
  98  7:10  Probe  
  97  7:16  Zealot, High Templar x2  
  97  7:17  Zealot x2  
  97  7:20  Photon Cannon  
  107  7:23  Archon  
  107  7:26  Zealot  
  109  7:30  Gateway  
  109  7:32  Pylon  
  109  7:33  Phoenix  
  107  7:37  Zealot x3  
  115  7:48  Zealot  
  115  7:49  Zealot x2  
  121  7:56  Phoenix (Chrono Boost)  
  117  8:05  High Templar x2  
  99  8:06  Zealot  
  99  8:07  Zealot  
  99  8:09  Archon  
  99  8:10  Zealot x3  
  109  8:18  Phoenix (Chrono Boost)  
  109  8:29  Zealot  
  109  8:30  Zealot  
  109  8:31  Zealot x3  
  78  8:39  Phoenix  
  78  8:41  Zealot x3  
Tags
 
Add a new tag
Caveats
  • Supply blocks, unpowered buildings, or Contaminate may cause inaccurate times.
  • Supply counts are checked every 10 seconds.